Map: Ley Lines

Players

BigBotoBoy - Winner!

  • Race: Protoss Protoss
  • League: Diamond
  • Spawn Location: 7:00

LigerMaNN

  • Race: Zerg Zerg
  • League: Diamond
  • Spawn Location: 1:00

VOD

Have the link to the VOD?

Description

Time

  • Played on: July 1, 2025, 12:18 a.m.
  • Length: 8:55
Show
View Real Time Build Order
Export as new Build Order

BigBotoBoy Protoss - Winner!

Build Orders: 1 Gate Expand, Blink Stalkers 

Get SALT Encoding   

  12  0:00  Probe  
  13  0:12  Probe  
  14  0:19  Pylon  
  14  0:24  Probe  
  15  0:37  Probe  
  15  0:38  Gateway  
  16  0:49  Probe  
  17  0:51  Assimilator  
  17  1:01  Probe  
  18  1:21  Nexus  
  18  1:40  Cybernetics Core  
  18  1:41  Probe  
  19  1:50  Probe  
  19  1:51  Assimilator  
  20  1:58  Pylon  
  20  1:59  Probe  
  21  2:11  Probe  
  21  2:13  Gateway  
  22  2:16  Warp Gate, Stalker  
  22  2:25  Probe  
  25  2:34  Probe  
  26  2:37  Probe  
  26  2:42  Probe  
  27  2:49  Probe  
  27  2:50  Probe  
  27  2:51  Stalker  
  32  3:01  Probe  
  32  3:02  Probe  
  34  3:06  Twilight Council  
  34  3:13  Probe  
  34  3:14  Probe  
  34  3:19  Forge  
  36  3:25  Probe  
  36  3:26  Probe  
  38  3:34  Gateway  
  38  3:36  Blink  
  38  3:37  Probe  
  38  3:38  Probe  
  38  3:41  Protoss Ground Weapons Level 1  
  40  3:49  Probe  
  40  3:50  Probe  
  42  4:01  Probe  
  42  4:02  Probe  
  44  4:05  Stalker  
  46  4:11  Pylon  
  46  4:15  Pylon  
  46  4:18  Pylon  
  46  4:21  Pylon  
  46  4:29  Probe  
  46  4:30  Stalker  
  46  4:31  Stalker x2  
  51  4:32  Probe  
  54  4:55  Stalker x3  
  57  5:03  Probe  
  57  5:04  Probe  
  59  5:09  Gateway  
  59  5:15  Photon Cannon  
  59  5:22  Stalker x2, Nexus  
  59  5:23  Pylon  
  59  5:28  Zealot  
  65  5:34  Assimilator  
  65  5:38  Assimilator  
  65  5:43  Probe  
  65  5:49  Protoss Ground Weapons Level 2  
  66  5:51  Gateway  
  66  5:52  Zealot x2  
  66  5:53  Zealot  
  72  5:58  Pylon, Charge  
  72  6:02  Probe  
  72  6:03  Probe  
  74  6:15  Probe x2  
  76  6:21  Zealot x3  
  82  6:26  Pylon  
  82  6:27  Probe x2  
  82  6:30  Zealot  
  86  6:34  Probe  
  86  6:39  Probe x2  
  89  6:46  Zealot x3  
  95  6:52  Zealot  
  97  6:55  Probe x3  
  97  6:57  Shield Battery  
  100  7:01  Photon Cannon  
  97  7:17  Zealot x3  
  85  7:30  Probe  
  85  7:33  Gateway  
  67  7:43  Probe x3  
  64  7:45  Zealot x4  
  70  8:14  Photon Cannon  
  70  8:16  Pylon  
  66  8:21  Probe x2  
  66  8:22  Probe  
  67  8:33  Probe  
  67  8:34  Probe x2  
Show
View Real Time Build Order
Export as new Build Order

LigerMaNN Zerg 

Build Orders: Hatch First 

Get SALT Encoding   

  12  0:01  Drone  
  13  0:13  Overlord  
  13  0:16  Drone  
  14  0:31  Drone x2  
  16  0:49  Hatchery  
  15  0:51  Drone  
  15  0:55  Drone  
  17  0:58  Drone  
  18  1:10  Extractor  
  17  1:14  Spawning Pool  
  17  1:18  Drone  
  17  1:21  Drone  
  18  1:28  Drone  
  19  1:55  Overlord  
  19  2:05  Zergling x6  
  19  2:06  Queen x2  
  26  2:20  Metabolic Boost  
  26  2:32  Drone x4  
  30  2:47  Hatchery  
  29  2:55  Queen  
  29  2:56  Drone  
  32  3:01  Overlord  
  32  3:25  Drone x9  
  41  3:36  Overlord  
  41  3:46  Drone  
  42  3:52  Roach Warren  
  42  3:53  Drone  
  42  3:54  Drone x2, Extractor  
  42  3:55  Drone x2  
  45  3:58  Drone  
  45  4:00  Drone  
  47  4:04  Zergling x6  
  50  4:13  Queen  
  50  4:15  Queen  
  54  4:19  Lair  
  54  4:22  Overlord  
  54  4:38  Drone x4  
  55  4:59  Drone x3  
  58  5:00  Drone x6  
  58  5:03  Evolution Chamber  
  58  5:04  Evolution Chamber  
  59  5:09  Queen  
  59  5:10  Queen  
  63  5:15  Overlord x5  
  63  5:31  Zerg Melee Weapons Level 1, Zerg Ground Armor Level 1  
  63  5:35  Drone x4, Baneling Nest  
  64  5:38  Drone x3  
  64  5:41  Zergling x10  
  64  5:42  Zergling x2  
  75  5:43  Zergling x2  
  75  5:45  Zergling x2  
  75  5:46  Zergling x2  
  78  5:53  Glial Reconstitution  
  78  5:56  Roach x3  
  84  5:58  Roach  
  86  6:11  Hydralisk Den  
  85  6:21  Centrifugal Hooks  
  85  6:22  Zergling x16, Hatchery  
  92  6:29  Hatchery  
  91  6:35  Overlord x3  
  91  6:36  Overlord x2  
  91  6:50  Hydralisk x3  
  97  6:54  Overlord x3  
  97  7:00  Drone x3  
  97  7:01  Extractor x2  
  93  7:09  Zergling x18  
  87  7:30  Zergling x16  
  79  7:42  Hydralisk x6  
  86  7:44  Zergling x2  
  79  7:57  Hydralisk x2  
  79  7:59  Zergling x4, Queen  
  79  8:00  Queen x3  
  85  8:12  Zergling x8  
  71  8:33  Drone x8  
Tags
 
Add a new tag
Caveats
  • Supply blocks, unpowered buildings, or Contaminate may cause inaccurate times.
  • Supply counts are checked every 10 seconds.